 Dungeon Crawl Stone Soup version 0.22-a0-21-g9421e3f (webtiles) character file.

185595 mortelune the Earth Mage (level 17, -7/157 HPs)
             Began as a Deep Dwarf Earth Elementalist on Jan 2, 2018.
             Was an Elder of Makhleb.
             Killed from afar by a shock serpent (18 damage)
             ... with a bolt of electricity
             ... on level 3 of the Snake Pit on Jan 3, 2018.
             The game lasted 05:10:37 (48124 turns).

mortelune the Earth Mage (DDEE)                    Turns: 48124, Time: 05:10:38

Health: -7/157     AC: 21    Str: 12    XL:     17   Next: 41%
Magic:  20/22      EV: 16    Int: 23    God:    Makhleb [****..]
Gold:   1512       SH:  7    Dex: 13    Spells: 3/37 levels left

rFire    + . .     SeeInvis .   K - +5 demon whip (elec)
rCold    . . .     Gourm    .   Y - +2 buckler
rNeg     + . .     Faith    .   H - +0 swamp dragon scales
rPois    +         Spirit   .   X - +2 helmet
rElec    .         Reflect  .   g - +0 cloak
rCorr    .         Harm     .   j - +1 pair of gloves
MR       ++...                  l - +0 pair of boots
Stlth    ++........             D - amulet of magic regeneration
HPRegen  0.00/turn              o - ring of wizardry
MPRegen  0.43/turn              S - ring of protection from fire

@: lethally poisoned (-7 -> -7), very slightly contaminated, non-regenerating
A: damage resistance, heal wounds, claws 1, icy blue scales 1, mutation
resistance 1, negative energy resistance 1, sense surroundings 2, no
regeneration
}: 1/15 runes: decaying
a: Heal Wounds, Minor Destruction, Lesser Servant of Makhleb, Major Destruction,
Renounce Religion


You were on level 3 of the Snake Pit.
You worshipped Makhleb.
Makhleb was greatly pleased with you.
You were very hungry.

You visited 6 branches of the dungeon, and saw 31 of its levels.
You also visited: Sewer and Ice Cave.

You collected 3274 gold pieces.
You spent 1762 gold pieces at shops.

Inventory:

Hand Weapons
 a - a +5 flail of venom
 B - the +1 great sword "Huler" {drain, rC- Int+4 Dex+7 SInv}
   (You found it on level 9 of the Dungeon)

   A truly terrible weapon, it drains the life of those it strikes.
   It affects your intelligence (+4).
   It affects your dexterity (+7).
   It makes you vulnerable to cold.
   It lets you see invisible.
 K - a +5 demon whip of electrocution (weapon)
Missiles
 R - 44 stones (quivered)
Armour
 g - a +0 cloak (worn)
 j - a +1 pair of gloves (worn)
 l - a +0 pair of boots (worn)
 H - +0 swamp dragon scales (worn)
 V - the +2 robe of the Okapi {*Contam rF++ rC+}
   (You found it on level 4 of the Lair of Beasts)

   It greatly protects you from fire.
   It protects you from cold.
   It causes magical contamination when unequipped.
 X - a +2 helmet (worn)
 Y - a +2 buckler (worn)
Magical Staves
 b - an uncursed staff of power
Jewellery
 f - an uncursed ring of protection from magic
 h - a +5 ring of intelligence
 o - a ring of wizardry (left hand)
 D - an amulet of magic regeneration (around neck)
 F - a +5 ring of intelligence
 S - a ring of protection from fire (right hand)
Wands
 m - a wand of acid (18)
 L - a wand of flame (67)
 W - a wand of digging (11)
Scrolls
 e - 5 scrolls of enchant armour
 i - 5 scrolls of teleportation
 q - 8 scrolls of fear
 v - 10 scrolls of remove curse
 w - 4 scrolls of fog
 x - 3 scrolls of immolation
 y - 4 scrolls of identify
 C - 5 scrolls of amnesia
 M - 2 scrolls of summoning
 O - 3 scrolls of blinking
 P - a scroll of brand weapon
 Q - 2 scrolls of magic mapping
Potions
 c - 3 potions of agility
 k - 5 potions of mutation
 n - 4 potions of cancellation
 r - 6 potions of haste
 u - 5 potions of lignification
 z - 6 potions of brilliance
 E - 3 potions of resistance
 G - 4 potions of might
 J - 5 potions of curing
 N - 3 potions of flight
Books
 p - a book of Spatial Translocations

   Spells                             Type                      Level
   a - Blink                          Translocation                2
   b - Shroud of Golubria             Charms/Translocation         2
   c - Lesser Beckoning               Translocation                3
   d - Gell's Gravitas                Translocation                3
   e - Teleport Other                 Translocation                3
   f - Passage of Golubria            Translocation                4
 A - a book of Summonings

   Spells                             Type                      Level
   a - Recall                         Summoning/Translocation      3
   b - Aura of Abjuration             Summoning                    5
   c - Summon Demon                   Summoning                    5
   d - Summon Forest                  Summoning/Translocation      5
   e - Summon Mana Viper              Hexes/Summoning              5
   f - Shadow Creatures               Summoning                    6
 I - a book of Unlife

   Spells                             Type                      Level
   a - Recall                         Summoning/Translocation      3
   b - Animate Dead                   Necromancy                   4
   c - Borgnjor's Vile Clutch         Necromancy/Earth             5
   d - Death Channel                  Necromancy                   6
   e - Simulacrum                     Ice/Necromancy               6
 T - a book of Maledictions

   Spells                             Type                      Level
   a - Corona                         Hexes                        1
   b - Ensorcelled Hibernation        Hexes/Ice                    2
   c - Confuse                        Hexes                        3
   d - Tukima's Dance                 Hexes                        3
   e - Dazzling Spray                 Conjuration/Hexes            3
 Z - a book of Necromancy

   Spells                             Type                      Level
   a - Pain                           Necromancy                   1
   b - Animate Skeleton               Necromancy                   1
   c - Vampiric Draining              Necromancy                   3
   d - Regeneration                   Charms/Necromancy            3
   e - Animate Dead                   Necromancy                   4
   f - Borgnjor's Vile Clutch         Necromancy/Earth             5
Miscellaneous
 U - a box of beasts
Comestibles
 d - 24 rations


   Skills:
 + Level 11.3 Fighting
 * Level 10.4 Maces & Flails
 + Level 11.4 Armour
 + Level 10.9 Dodging
 - Level 3.1 Stealth
 - Level 4.0 Shields
 + Level 10.7 Spellcasting
 - Level 11.1 Conjurations
 - Level 7.2 Translocations
 - Level 0.8 Transmutations
 + Level 15.0 Earth Magic
 + Level 13.5 Invocations


You had 3 spell levels left.
You knew the following spells:

 Your Spells              Type           Power        Failure   Level  Hunger
a - Sandblast             Erth           ######       0%          1    None
b - Magic Dart            Conj           ####         1%          1    None
c - Lee's Rapid Deconstr  Erth           ######....   1%          5    ####...
d - Petrify               Tmut/Erth      #####...     1%          4    #......
e - Animate Skeleton      Necr           N/A          4%          1    None
f - Blink                 Tloc           N/A          1%          2    None
g - Conjure Flame         Conj/Fire      #####...     1%          3    None
h - Stone Arrow           Conj/Erth      ######       1%          3    None
i - Passage of Golubria   Tloc           N/A          1%          4    #......
q - Venom Bolt            Conj/Pois      #####.....   11%         5    ####...
s - Borgnjor's Vile Clut  Necr/Erth      #####.....   4%          5    ####...


Dungeon Overview and Level Annotations

Branches:
Dungeon (14/15)            Temple (1/1) D:6            Lair (6/6) D:8
  Swamp (4/4) Lair:2        Snake (4/4) Lair:2        Slime (0/5) Lair:6
    Orc (2/2) D:12            Elf (0/3) Orc:2        Vaults (0/5) D:13

Altars:
Ashenzari
Dithmenos
Elyvilon
Fedhas
Gozag
Hepliaklqana
Kikubaaqudgha
Makhleb
Nemelex Xobeh
Qazlal
Ru
Sif Muna
Trog
Wu Jian
Xom
Yredelemnul
The Shining One
Jiyva

Shops:
D:8 (   D:13 ([!%   Orc:2 !=%=

Portals:
Trove: D:14 (give 14 potions of heal wounds)

Annotations:
Snake:3 Bai Suzhen
Orc:2 2 runed doors, exclusion: orange crystal statue


Innate Abilities, Weirdness & Mutations

You are resistant to damage.
You can heal yourself by infusing magical energy.
You resist negative energy. (rN+)
You passively map the area around you.
You do not regenerate.
You have sharp fingernails.
You are partially covered in icy blue scales. (AC +2)
You are somewhat resistant to further mutation.


Message History

Aiming: Stone Arrow
Press: ? - help, Shift-Dir - straight line, f/p - shock serpent
Aim: a shock serpent (heavily wounded)
The stone arrow hits the shock serpent.
The shock serpent is severely wounded.
The shock serpent's electric aura discharges, shocking you!
The shock serpent bites you but does no damage.
Casting: Stone Arrow
Confirm with . or Enter, or press ? or * to list all spells.
Aiming: Stone Arrow
Press: ? - help, Shift-Dir - straight line, f/p - shock serpent
Aim: a shock serpent (severely wounded)
Okay, then.
Your magical essence is drained by the effort!
You feel much better.
The shock serpent shoots out a bolt of lightning at you!
The bolt of electricity hits you!
* * * LOW HITPOINT WARNING * * *
The bolt of electricity hits you!
You die...

***#.## * *...# * *...** *
##..,,** * #..#*,,* #
##..#*,,** # #..#***.,** #
#..# *#.,** # ##S@# *#.,*
* #..## #..** * ##..#
*#..** ## #..## *#..#####§
#..# *#...§D§≈
##..######****#.######
##.........,,,..,* ***
##..........,...,** **,*
**#[.############,,****,,,


You could see a shock serpent.

Vanquished Creatures
  Kirke (Swamp:2)
  Agnes (Snake:2)
  Roxanne (Swamp:3)
  An orc warlord (D:12)
  A stone giant (Orc:2)
  Nessos (D:13)
  26 hydras
  2 ogre magi
  A vault guard (D:13)
  A catoblepas (Lair:5)
  2 naga warriors
  2 centaur warriors
  8 two-headed ogres
  5 alligators
  7 death yaks
  6 anacondas
  5 naga sharpshooters
  2 spriggans
  4 shock serpents
  A sea snake (Snake:1)
  2 unseen horrors
  A deep troll (D:12)
  4 naga ritualists
  A wizard (D:14)
  4 shambling mangroves
  8 swamp dragons
  2 deep elf magi
  A lindwurm (shapeshifter) (D:13)
  A lindwurm (Lair:6)
  12 mana vipers
  2 oklob plants (Lair:5)
  5 salamanders
  3 cyclopes
  16 slime creatures
  4 ugly things
  3 manticores
  4 centaur zombies
  13 elephants
  39 black mambas
  4 naga magi
  A guardian serpent (Snake:2)
  Psyche (D:9)
  3 ice statues (IceCv)
  13 spiny frogs
  6 rime drakes
  2 kobold demonologists (Swamp:2)
  A yaktaur (shapeshifter) (D:13)
  A freezing wraith (D:14)
  An efreet (D:14)
  9 komodo dragons
  3 polar bears
  A queen bee (Orc:1)
  8 trolls
  12 blink frogs
  A tyrant leech (Swamp:1)
  5 bog bodies
  6 hornets
  A hippogriff (shapeshifter) (D:14)
  8 hippogriffs
  10 dream sheep
  A wraith (D:13)
  A wyvern (D:9)
  40 yaks
  4 shadows
  5 basilisks
  13 vampire mosquitoes
  A hungry ghost (D:7)
  2 steam dragons (D:13)
  A warg (D:12)
  Edmund (D:6)
  20 nagas
  15 swamp worms
  2 acid dragons
  10 water moccasins
  Duvessa (D:7)
  7 porcupines
  12 swamp drakes
  A black bear (Lair:2)
  19 orc warriors
  9 ice beasts
  6 sky beasts
  5 wolves
  12 centaurs
  An eye of draining (D:8)
  25 ogres
  A phantom (D:12)
  8 big kobolds
  16 crocodiles
  17 bullfrogs
  Dowan (D:7)
  42 killer bees
  19 wights
  6 howler monkeys
  6 electric eels
  8 crimson imps
  A quasit (D:12)
  A bullfrog zombie (D:8)
  8 hounds
  2 jellies
  A gnoll shaman (D:9)
  18 orc priests
  2 bullfrog skeletons (D:6)
  6 centaur skeletons
  14 iguanas
  Crazy Yiuf (D:3)
  23 orc wizards
  Natasha (twice) (D:4)
  16 worker ants
  5 hell rats (D:8)
  A killer bee zombie (D:7)
  A hound zombie (D:10)
  A worker ant zombie (D:9)
  11 gnolls
  2 howler monkey skeletons
  18 adders
  2 river rats
  3 shadow imps
  12 white imps (Lair:3)
  6 oozes
  An adder skeleton (D:4)
  9 worms
  A dart slug (D:1)
  15 leopard geckos
  73 orcs
  12 ball pythons
  10 bats
  9 giant cockroaches
  7 goblins
  2 hobgoblins
  14 jackals
  12 kobolds
  3 quokkas
  5 frilled lizards
  A leopard gecko zombie (D:5)
  A quokka zombie (D:5)
  10 rats
  2 briar patches (Swamp:4)
  A butterfly (Lair:4)
  A fungus (Lair:4)
  A plant (Lair:6)
985 creatures vanquished.

Vanquished Creatures (collateral kills)
  2 thorn hunters (Swamp:4)
  Donald (Swamp:3)
  An orc warlord (D:12)
  4 hydras
  A catoblepas (Lair:6)
  3 alligators
  3 death yaks
  3 two-headed ogres
  A shock serpent (Snake:1)
  A naga sharpshooter (Snake:2)
  A deep troll (D:12)
  A shambling mangrove (Swamp:4)
  2 swamp dragons
  A mana viper (Snake:1)
  An oklob plant (Lair:5)
  A black mamba (Lair:6)
  4 elephants
  3 spiny frogs
  A centaur skeleton (D:12)
  3 komodo dragons
  A tyrant leech (Swamp:3)
  7 slime creatures
  3 hornets
  A troll (Orc:2)
  3 blink frogs
  4 hippogriffs
  A dream sheep (Lair:6)
  A spriggan (Swamp:2)
  2 wyverns
  2 basilisks
  7 yaks
  A vampire mosquito (D:14)
  4 swamp worms
  2 nagas (Snake:2)
  3 water moccasins
  4 porcupines
  3 orc warriors (Orc:1)
  7 swamp drakes
  2 ice beasts (IceCv)
  An ogre (D:12)
  2 wolves (Lair:3)
  A centaur (D:11)
  A crocodile (Lair:6)
  A wyvern zombie (D:14)
  A wight (D:12)
  A howler monkey (D:14)
  A hound (D:9)
  An orc wizard (Orc:2)
  4 orcs
  A jackal (D:10)
  A briar patch (Swamp:4)
112 creatures vanquished.

Vanquished Creatures (others)
  An alligator (Swamp:4)
  2 humans (Swamp:2)
  12 fungi
  14 plants
29 creatures vanquished.

Grand Total: 1126 creatures vanquished

Notes
Turn   | Place    | Note
-------+----------+-------------------------------------------
     0 | D:1      | mortelune the Deep Dwarf Earth Elementalist began the quest for the Orb.
     0 | D:1      | Reached XP level 1. HP: 15/15 MP: 3/3
   335 | D:1      | Reached XP level 2. HP: 22/22 MP: 2/4
  1119 | D:1      | Reached XP level 3. HP: 25/28 MP: 2/6
  1304 | D:2      | Learned a level 3 spell: Stone Arrow
  1305 | D:2      | Reached skill level 5 in Earth Magic
  2251 | D:2      | Reached XP level 4. HP: 17/36 MP: 2/7
  2435 | D:2      | Found a faded altar of an unknown god.
  2578 | D:2      | Reached skill level 1 in Conjurations
  2590 | D:2      | Reached skill level 6 in Earth Magic
  2590 | D:2      | Reached XP level 5. HP: 8/42 MP: 0/8
  2784 | D:2      | Reached skill level 7 in Earth Magic
  2784 | D:2      | Reached XP level 6. HP: 36/49 MP: 2/10
  3195 | D:2      | Found an ancient bone altar of Kikubaaqudgha.
  3351 | D:2      | Learned a level 5 spell: Lee's Rapid Deconstruction
  3605 | D:3      | Found a white marble altar of Elyvilon.
  3952 | D:3      | Found a runed door.
  5100 | D:4      | Reached skill level 1 in Fighting
  5230 | D:4      | Noticed an orc warrior
  5236 | D:4      | Killed an orc warrior
  5236 | D:4      | Reached skill level 8 in Earth Magic
  5236 | D:4      | Reached XP level 7. HP: 39/57 MP: 5/12
  5822 | D:4      | Noticed Natasha
  5855 | D:4      | Killed Natasha
  6515 | D:4      | Noticed Natasha
  6520 | D:4      | Killed Natasha
  6872 | D:5      | Entered Level 5 of the Dungeon
  6876 | D:5      | Reached skill level 1 in Shields
  6931 | D:5      | Reached skill level 9 in Earth Magic
  6988 | D:5      | Reached XP level 8. HP: 36/68 MP: 10/14
  7359 | D:5      | Found a glowing drain.
  7391 | Sewer    | Entered a sewer
  8051 | Sewer    | Reached skill level 1 in Armour
  9264 | D:6      | Noticed Edmund
  9286 | D:6      | Killed Edmund
  9734 | D:6      | Reached skill level 10 in Earth Magic
  9824 | D:6      | Found a staircase to the Ecumenical Temple.
  9860 | Temple   | Entered the Ecumenical Temple
  9901 | Temple   | Became a worshipper of Makhleb the Destroyer
  9956 | D:6      | Gained mutation: You passively map the area around you. [Deep Dwarf growth]
  9956 | D:6      | Reached XP level 9. HP: 44/78 MP: 7/16
 10070 | D:6      | Reached skill level 5 in Spellcasting
 10552 | D:6      | Found a stormy altar of Qazlal.
 10554 | D:6      | Found an opulent altar of Gozag.
 10555 | D:6      | Found a sparkling altar of Nemelex Xobeh.
 10775 | D:7      | Noticed Duvessa
 10776 | D:7      | Noticed Dowan
 10785 | D:7      | Killed Duvessa
 11054 | D:7      | Killed Dowan
 11285 | D:7      | Learned a level 4 spell: Petrify
 11597 | D:7      | Reached * piety under Makhleb
 11673 | D:7      | Found a burning altar of Makhleb.
 11675 | D:7      | Found a hide-covered altar of Uskayaw.
 11675 | D:7      | Found a basalt altar of Yredelemnul.
 11677 | D:7      | Found a bloodstained altar of Trog.
 11677 | D:7      | Found a shimmering altar of Xom.
 11677 | D:7      | Found a shattered altar of Ashenzari.
 11985 | D:7      | Found a blossoming altar of Fedhas.
 12205 | D:7      | Reached skill level 5 in Fighting
 12232 | D:7      | Learned a level 1 spell: Animate Skeleton
 12259 | D:7      | Noticed a red ugly thing
 12365 | D:7      | Killed a red ugly thing
 12365 | D:7      | Reached skill level 5 in Armour
 12365 | D:7      | Reached skill level 11 in Earth Magic
 12419 | D:7      | Reached XP level 10. HP: 49/88 MP: 2/19
 12453 | D:7      | Got a brightly glowing plate armour
 12740 | D:7      | Identified the +6 plate armour of Dal Siufofo {Regen+ rCorr Slay+5 Stlth-} (You found it on level 7 of the Dungeon)
 12743 | D:7      | Learned a level 2 spell: Blink
 12829 | D:7      | Learned a level 3 spell: Conjure Flame
 12835 | D:8      | Reached ** piety under Makhleb
 12842 | D:8      | Reached skill level 1 in Translocations
 12873 | D:8      | Noticed a two-headed ogre
 13216 | D:8      | Found a shattered altar of Ashenzari.
 13221 | D:8      | Noticed a centaur warrior
 13227 | D:8      | Killed a centaur warrior
 13227 | D:8      | Reached skill level 1 in Invocations
 13570 | D:8      | Killed a two-headed ogre
 13738 | D:8      | Noticed a two-headed ogre
 13745 | D:8      | Killed a two-headed ogre
 13751 | D:8      | Noticed a death yak
 14200 | D:8      | Reached XP level 11. HP: 69/97 MP: 2/21
 14483 | D:8      | Reached skill level 5 in Translocations
 14495 | D:8      | Noticed a three-headed hydra
 14529 | D:8      | Killed a three-headed hydra
 14529 | D:8      | Reached skill level 12 in Earth Magic
 14762 | D:8      | Reached *** piety under Makhleb
 14930 | D:8      | Found a deep blue altar of Sif Muna.
 14993 | D:8      | Found Fazxolisi's Antique Weapon Emporium.
 15033 | D:8      | Found a staircase to the Lair.
 15287 | D:3      | Noticed Crazy Yiuf
 15290 | D:3      | Killed Crazy Yiuf
 15672 | D:8      | Noticed a death yak
 15673 | D:8      | Noticed a death yak
 15718 | D:7      | Killed a death yak
 16029 | D:9      | Got an encrusted great sword
 16035 | D:9      | Identified the +1 great sword "Huler" {drain, rC- Int+4 Dex+7 SInv} (You found it on level 9 of the Dungeon)
 16123 | D:9      | Noticed Psyche
 16133 | D:9      | Killed Psyche
 16588 | D:10     | Entered Level 10 of the Dungeon
 16938 | D:10     | Noticed a two-headed ogre
 16943 | D:10     | Killed a two-headed ogre
 16943 | D:10     | Reached skill level 5 in Invocations
 16974 | D:10     | Noticed an unseen horror
 16979 | D:10     | Killed an unseen horror
 16991 | D:10     | Reached skill level 5 in Conjurations
 17072 | D:10     | Reached **** piety under Makhleb
 18212 | D:11     | Reached XP level 12. HP: 85/109 MP: 11/23
 18344 | D:11     | Got a bloodstained plate armour
 18355 | D:11     | Identified the +9 plate armour of Zin's Benevolence {Regen+ Str+2} (You found it on level 11 of the Dungeon)
 18956 | D:8      | Killed a death yak
 18957 | D:8      | Killed a death yak
 19045 | Lair:1   | Entered Level 1 of the Lair of Beasts
 19723 | Lair:2   | Learned a level 1 spell: Magic Dart
 19980 | Lair:2   | Reached skill level 13 in Earth Magic
 20312 | Lair:2   | Got a shimmering whip
 20325 | Lair:2   | Identified the +5 whip of Beskue {elec, rN+ Str+2 Dex+3} (You found it on level 2 of the Lair of Beasts)
 20383 | Lair:2   | Found a staircase to the Snake Pit.
 20533 | Lair:2   | Found a staircase to the Swamp.
 20638 | Lair:2   | Reached ***** piety under Makhleb
 21515 | Lair:3   | Found a frozen archway.
 21564 | IceCv    | Entered an ice cave
 22095 | Lair:3   | Reached XP level 13. HP: 115/117 MP: 24/24
 22526 | Lair:3   | Reached skill level 5 in Dodging
 23336 | Lair:4   | Reached skill level 1 in Maces & Flails
 23398 | Lair:4   | Learned a level 5 spell: Venom Bolt
 24342 | Lair:4   | Got a heavy robe
 24353 | Lair:4   | Identified the +2 robe of the Okapi {*Contam rF++ rC+} (You found it on level 4 of the Lair of Beasts)
 24421 | Lair:4   | Gained mutation: Scrolls take you a little longer to read. [mutagenic glow]
 26203 | Lair:6   | Entered Level 6 of the Lair of Beasts
 26238 | Lair:6   | Found a staircase to the Slime Pits.
 26238 | Lair:6   | Found a viscous altar of Jiyva.
 26315 | Lair:6   | Gained mutation: You resist negative energy. (rN+) [Deep Dwarf growth]
 26315 | Lair:6   | Reached XP level 14. HP: 127/127 MP: 16/25
 27314 | Lair:6   | Reached skill level 10 in Invocations
 28024 | D:12     | Found a staircase to the Orcish Mines.
 28134 | D:12     | Reached skill level 5 in Maces & Flails
 28363 | D:12     | Reached ****** piety under Makhleb
 29359 | D:13     | Found Ocvuhou's Armour Boutique.
 29549 | D:13     | Reached skill level 10 in Conjurations
 29610 | D:13     | Gained mutation: Your magical capacity is low. (-10% MP) [a shining eye]
 29768 | D:13     | Learned a level 4 spell: Leda's Liquefaction
 29798 | D:13     | Found Emeaziq's Distillery.
 29801 | D:13     | Bought a potion of haste for 170 gold pieces
 29801 | D:13     | Bought a potion of heal wounds for 85 gold pieces
 29801 | D:13     | Bought a potion of haste for 170 gold pieces
 30068 | D:13     | Found Kongar's Weapon Boutique.
 30191 | D:13     | Noticed Nessos
 30254 | D:13     | Killed Nessos
 30325 | D:13     | Lost mutation: Your magical capacity is low. (-10% MP) [potion of mutation]
 30325 | D:13     | Lost mutation: Scrolls take you a little longer to read. [potion of mutation]
 30325 | D:13     | Gained mutation: You are clumsy. (Dex -2) [potion of mutation]
 30325 | D:13     | Gained mutation: Your movements are slightly less encumbered by armour. (ER -2) [potion of mutation]
 30325 | D:13     | Gained mutation: You are partially covered in icy blue scales. (AC +2) [potion of mutation]
 30325 | D:13     | Gained mutation: You have sharp fingernails. [potion of mutation]
 30391 | D:13     | Found a gate to the Vaults.
 30448 | D:13     | Found Ynumed's Food Boutique.
 30848 | D:13     | Reached XP level 15. HP: 138/138 MP: 27/27
 31004 | D:14     | Found a portal to a secret trove of treasure.
 32198 | Orc:1    | Entered Level 1 of the Orcish Mines
 32224 | Orc:1    | Noticed an orc warlord
 32283 | D:12     | Killed an orc warlord
 32847 | Orc:2    | Entered Level 2 of the Orcish Mines
 32858 | Orc:2    | Noticed an orc warlord
 32907 | D:12     | Gained mutation: Your spells are a little easier to cast, but a little less powerful. [a neqoxec]
 33067 | D:12     | Killed an orc warlord
 33067 | D:12     | Reached skill level 10 in Fighting
 34415 | Orc:2    | Found a runed door.
 34421 | Orc:2    | Found the +10 large shield of Ignorance {rN+ Int-4}
 34427 | Orc:2    | Found a runed door.
 34466 | Orc:2    | Found Duhif's Food Shoppe.
 34475 | Orc:2    | Found Bowkya Mifu's Distillery.
 34479 | Orc:2    | Found Goanig Jaoq's Jewellery Shop.
 34480 | Orc:2    | Found Xobun's Jewellery Boutique.
 34489 | Orc:2    | Bought a potion of heal wounds for 65 gold pieces
 34815 | Orc:2    | Reached skill level 10 in Spellcasting
 35105 | Orc:2    | Found a staircase to the Elven Halls.
 35495 | Orc:2    | Bought a potion of ambrosia for 104 gold pieces
 35495 | Orc:2    | Bought a potion of brilliance for 52 gold pieces
 35495 | Orc:2    | Bought a potion of cancellation for 104 gold pieces
 35495 | Orc:2    | Bought a potion of ambrosia for 104 gold pieces
 35495 | Orc:2    | Bought a potion of curing for 39 gold pieces
 35495 | Orc:2    | Bought a potion of magic for 104 gold pieces
 35714 | Swamp:1  | Entered Level 1 of the Swamp
 35779 | Swamp:1  | Paralysed by a hornet for 2 turns
 36440 | Swamp:1  | Reached skill level 10 in Armour
 37524 | Swamp:2  | Noticed Kirke
 37534 | Swamp:2  | Killed Kirke
 38239 | Swamp:3  | Reached XP level 16. HP: 103/147 MP: 4/27
 38563 | Swamp:3  | Noticed Roxanne
 38585 | Swamp:3  | Killed Roxanne
 38614 | Swamp:3  | Identified Roxanne's Handbook of Changing (You took it off Roxanne on level 3 of the Swamp)
 38642 | Swamp:3  | Learned a level 5 spell: Borgnjor's Vile Clutch
 39051 | Swamp:3  | Reached skill level 14 in Earth Magic
 39203 | Swamp:4  | Entered Level 4 of the Swamp
 39209 | Swamp:4  | Noticed Donald
 39214 | Swamp:4  | Noticed a thorn hunter
 39248 | Swamp:3  | Killed Donald
 39741 | Swamp:4  | Noticed a thorn hunter
 39811 | Swamp:4  | Killed a thorn hunter
 39827 | Swamp:4  | Killed a thorn hunter
 40286 | Swamp:4  | Reached skill level 10 in Dodging
 40562 | Swamp:4  | Got a fine leather armour
 40573 | Swamp:4  | Identified the +3 leather armour of Hyivam {rPois Str+4} (You found it on level 4 of the Swamp)
 41101 | Swamp:4  | Got a decaying rune of Zot
 41744 | Snake:1  | Entered Level 1 of the Snake Pit
 42257 | D:13     | Bought 2 potions of haste for 340 gold pieces
 42257 | D:13     | Bought a potion of heal wounds for 85 gold pieces
 42257 | D:13     | Bought 2 potions of heal wounds for 170 gold pieces
 42257 | D:13     | Bought a potion of haste for 170 gold pieces
 42707 | Snake:1  | Got a dazzling chain mail
 42831 | Snake:1  | Identified the +8 chain mail "Sirair" {*Contam rCorr Str+4} (You found it on level 1 of the Snake Pit)
 42857 | Snake:1  | Lost mutation: Your spells are a little easier to cast, but a little less powerful. [potion of mutation]
 42857 | Snake:1  | Lost mutation: You are clumsy. (Dex -2) [potion of mutation]
 42857 | Snake:1  | Lost mutation: Your movements are slightly less encumbered by armour. (ER -2) [potion of mutation]
 42857 | Snake:1  | Gained mutation: You are somewhat resistant to further mutation. [potion of mutation]
 44028 | Snake:1  | Found a runed gate.
 44028 | Snake:1  | Found a runed gate.
 44028 | Snake:1  | Found a runed gate.
 44226 | Snake:1  | Reached XP level 17. HP: 157/157 MP: 0/26
 45291 | Snake:2  | Noticed Agnes
 45319 | Snake:2  | HP: 1/157 [Agnes/vampiric lajatang (18)]
 45380 | Snake:2  | Reached skill level 10 in Maces & Flails
 45461 | Snake:2  | You fall through a shaft!
 45917 | Snake:2  | Killed Agnes
 46555 | Snake:3  | Got a dazzling hand axe
 46556 | Snake:3  | Identified the cursed +0 hand axe of Ragnarok {flame, Str+4 Dex+3} (You found it on level 3 of the Snake Pit)
 46739 | Snake:3  | Noticed Bai Suzhen
 47402 | Snake:3  | Learned a level 4 spell: Passage of Golubria
 47842 | Snake:4  | Entered Level 4 of the Snake Pit
 47914 | Snake:3  | Reached skill level 15 in Earth Magic
 48124 | Snake:3  | Killed from afar by a shock serpent

Vault maps used:
D:1:      onia_arrival_pentagram
D:2:      lemuel_coloured_pillars_altar, chequers_ecumenical_altar_island,
          first_ration, nrook_mini_backslash, st_stairs_11
D:3:      lemuel_doored_altar, uniq_crazy_yiuf_cottage
D:4:      guppyfry_early_orc_mine, uniq_natasha
D:5:      lemuel_ice_spiral_2, gup_sewer_entry_bubbles
D:6:      grunt_temple_overflow_open, temple_doors_cd, uniq_edmund
D:7:      minmay_the_grid_triangle_9x9_rhombus_full, doesnt_xom_only_xom,
          uniq_duvessa
D:8:      evilmike_ruin_ashenzari, dpeg_lair_monsters, basic_altar,
          serial_shops, shop, hangedman_ranch, columned_hall_lemuel, kb_rosetta
D:9:      uniq_psyche
D:10:     serial_corexii_hall, corexii_hall_statues_i, corexii_hall_statues_i,
          minmay_crystal_water, minivault_24, nicolae_water_bricks
D:12:     orc_0_dummy, interstate_on_off
D:13:     david_vaults_5, serial_shops, shop, shop, nicolae_shop_stone,
          kennysheep_mini, minmay_misc_feat_diagonals, uniq_nessos
D:14:     roderic_roman_lattice, nicolae_trove_entry_crossroad
Temple:   regret_index_temple_waves
Lair:2:   lemuel_reptile_caves, minmay_swamp_entry_reptiles,
          guppyfry_snake_entry_island
Lair:3:   portal_ice_cave_entry_imps, serial_bayou_lagoon_b, grunt_megastairs_3
Lair:4:   lemuel_fruit_fields
Lair:5:   beast_lair_carwin_7, minmay_lair_oklob_chamber, grunt_megastairs_1
Lair:6:   hangedman_lair_in_review, slime_altar_1, nicolae_quartered_pool_super,
          serial_bayou_lake_a
Swamp:1:  serial_swamp_ruin, evilmike_swamp_ruin_house_3,
          evilmike_swamp_ruin_house_6, evilmike_swamp_ruin_rubble_2
Swamp:2:  evilmike_swamp_ruin_house_5, swamp_pool5, cheibrodos_swamp_kobolds,
          uniq_kirke
Swamp:3:  evilmike_swamp_ruin_wall, infiniplex_staircase_pool, uniq_roxanne
Swamp:4:  swamp, uniq_donald
Snake:1:  nicolae_snake_serpentine_hallways, nicolae_snake_horde_hoard
Snake:2:  stair_cage_line, uniq_agnes
Snake:3:  uniq_bai_suzhen
Snake:4:  minmay_snake_end_coiled, special_room, serial_bayou_shore_b,
          minmay_shop_grove
Orc:1:    special_room
Orc:2:    st_orc_open, chequers_guarded_unrand_ignorance
Sewer:    sewer_co_tree
IceCv:    ice_cave_statue_garden_chambered

Skill      XL: |  1  2  3  4  5  6  7  8  9 10 11 12 13 14 15 16 17 |
---------------+----------------------------------------------------+-----
Spellcasting   | 2 3 4 6 7 8 9 10 | 10.7
Stealth        | 3 |  3.1
Earth Magic    | 5 6 7 8 9 10 11 12 13 14 15 | 15.0
Conjurations   | 1 2 3 4 5 6 8 10 11 | 11.1
Fighting       | 1 2 3 5 6 7 8 9 10 11 | 11.3
Shields        | 1 3 4 |  4.0
Armour         | 2 5 6 7 8 9 10 11 | 11.4
Translocations | 4 7 |  7.2
Invocations    | 3 5 7 9 10 12 13 | 13.5
Dodging        | 4 6 8 9 10 | 10.9
Maces & Flails | 3 5 7 9 10 | 10.4
Transmutations | |  0.8

Action                   |  1- 3 |  4- 6 |  7- 9 | 10-12 | 13-15 | 16-18 || total
-------------------------+-------+-------+-------+-------+-------+-------++-------
Melee: Flail             |       |       |    17 |    45 |   394 |       ||   456
       Great sword       |       |       |       |    24 |     1 |       ||    25
       Whip              |       |       |       |    15 |       |       ||    15
       Staff             |       |       |       |       |     5 |       ||     5
       Demon whip        |       |       |       |       |    89 |   278 ||   367
 Cast: Sandblast         |    31 |    42 |    83 |   177 |   218 |   150 ||   701
       Stone Arrow       |     7 |    29 |    93 |    76 |       |    69 ||   274
       Lee's Rapid Decon |       |     2 |    38 |   117 |   310 |   132 ||   599
       Animate Skeleton  |       |       |     1 |    12 |    51 |     7 ||    71
       Blink             |       |       |       |     7 |    52 |    35 ||    94
       Petrify           |       |       |       |    14 |    19 |       ||    33
       Conjure Flame     |       |       |       |     1 |     4 |     2 ||     7
       Magic Dart        |       |       |       |    82 |    97 |    13 ||   192
       Venom Bolt        |       |       |       |       |   159 |    67 ||   226
       Leda's Liquefacti |       |       |       |       |     2 |       ||     2
       Borgnjor's Vile C |       |       |       |       |       |    35 ||    35
Invok: Lesser Servant of |       |       |       |    13 |    37 |    36 ||    86
       Major Destruction |       |       |       |       |     4 |       ||     4
 Abil: Heal Wounds       |       |     2 |     3 |     6 |     6 |    25 ||    42
Evoke: Wand              |       |       |       |       |     2 |     5 ||     7
  Use: Scroll            |     5 |     7 |     5 |     7 |    17 |    13 ||    54
       Potion            |       |       |     3 |     3 |    11 |    12 ||    29
 Stab: Petrified         |       |       |       |    10 |    15 |       ||    25
       Petrifying        |       |       |       |     2 |       |       ||     2
       Distracted        |       |       |       |       |     3 |     3 ||     6
       Sleeping          |       |       |       |       |     2 |       ||     2
  Eat: Chunk             |     2 |     9 |    27 |    47 |    78 |    15 ||   178
       Ration            |     1 |     1 |     4 |     3 |    15 |    16 ||    40
Armor: Robe              |     4 |    12 |     9 |       |       |       ||    25
       Leather armour    |       |       |     3 |     8 |       |       ||    11
       Acid dragon scale |       |       |       |    26 |     1 |       ||    27
       Plate armour      |       |       |       |     1 |       |       ||     1
       Ring mail         |       |       |       |    52 |   419 |       ||   471
       Steam dragon scal |       |       |       |       |    12 |       ||    12
       Swamp dragon scal |       |       |       |       |    41 |   258 ||   299
Dodge: Dodged            |    13 |    27 |    26 |   115 |   705 |   371 ||  1257
Block: Buckler           |       |       |     8 |    28 |   201 |   166 ||   403
       Rpst.: Great sword |       |       |       |    22 |     2 |       ||    24

Table legend:
 A = Spawn XP
 B = Non-spawn XP
 C = Spawn XP percentage of total XP
 D = Spawn monster count
 E = Non-spawn monster count
 F = Spawn count percentage of total count
 G = Total turns spent on level
                    A         B        C        D         E        F      G
               +---------+---------+-------+---------+---------+-------+---------
         Total |       0 |  246565 |   0.0 |       0 |    1092 |   0.0 | 48124
               +---------+---------+-------+---------+---------+-------+---------
           D:1 |       0 |      42 |   0.0 |       0 |      16 |   0.0 |  1289
           D:2 |       0 |     456 |   0.0 |       0 |      26 |   0.0 |  2132
           D:3 |       0 |      91 |   0.0 |       0 |      11 |   0.0 |  1203
           D:4 |       0 |     727 |   0.0 |       0 |      33 |   0.0 |  2339
           D:5 |       0 |     508 |   0.0 |       0 |      24 |   0.0 |  1071
           D:6 |       0 |     940 |   0.0 |       0 |      22 |   0.0 |  1647
           D:7 |       0 |    3291 |   0.0 |       0 |      49 |   0.0 |  2397
           D:8 |       0 |    8096 |   0.0 |       0 |      53 |   0.0 |  2380
           D:9 |       0 |    1448 |   0.0 |       0 |      26 |   0.0 |  1191
          D:10 |       0 |    5958 |   0.0 |       0 |      39 |   0.0 |  1340
          D:11 |       0 |    2663 |   0.0 |       0 |      24 |   0.0 |  1088
          D:12 |       0 |   17832 |   0.0 |       0 |      67 |   0.0 |  2292
          D:13 |       0 |    9982 |   0.0 |       0 |      47 |   0.0 |  1774
          D:14 |       0 |    7842 |   0.0 |       0 |      33 |   0.0 |  1154
        Lair:1 |       0 |    2659 |   0.0 |       0 |      13 |   0.0 |   734
        Lair:2 |       0 |    7110 |   0.0 |       0 |      51 |   0.0 |  1866
        Lair:3 |       0 |    6762 |   0.0 |       0 |      34 |   0.0 |  1521
        Lair:4 |       0 |    5634 |   0.0 |       0 |      24 |   0.0 |  1622
        Lair:5 |       0 |   12761 |   0.0 |       0 |      35 |   0.0 |  1247
        Lair:6 |       0 |   21572 |   0.0 |       0 |      70 |   0.0 |  1608
       Swamp:1 |       0 |    8423 |   0.0 |       0 |      23 |   0.0 |  1360
       Swamp:2 |       0 |    8753 |   0.0 |       0 |      24 |   0.0 |  1238
       Swamp:3 |       0 |   15998 |   0.0 |       0 |      40 |   0.0 |  1452
       Swamp:4 |       0 |   24011 |   0.0 |       0 |      48 |   0.0 |  1941
       Snake:1 |       0 |   26817 |   0.0 |       0 |      57 |   0.0 |  2384
       Snake:2 |       0 |   15627 |   0.0 |       0 |      37 |   0.0 |  1692
       Snake:3 |       0 |   11417 |   0.0 |       0 |      22 |   0.0 |  1891
         Orc:1 |       0 |   10238 |   0.0 |       0 |      66 |   0.0 |  1247
         Orc:2 |       0 |    5341 |   0.0 |       0 |      39 |   0.0 |  1155
         Sewer |       0 |     500 |   0.0 |       0 |      28 |   0.0 |  1321
         IceCv |       0 |    3066 |   0.0 |       0 |      11 |   0.0 |   450
               +---------+---------+-------+---------+---------+-------+---------
